 Dungeon Crawl Stone Soup version 0.29.0-4-gdea44cf6ec (webtiles) character file.

Game seed: 5492370356242998399

1482 qw the Cleaver (level 8, -9/49 HPs)
             Began as a Barachi Chaos Knight on Sept 6, 2022.
             Mangled by a two-headed ogre
             ... wielding a +0 giant club
              (16 damage)
             ... on level 8 of the Dungeon.
             The game lasted 00:02:07 (5260 turns).

qw the Cleaver (Barachi Chaos Knight)               Turns: 5260, Time: 00:02:08

Health: -9/49      AC: 11    Str: 16    XL:     8   Next: 79%
Magic:  7/7        EV:  3    Int: 11    God:
Gold:   772        SH:  9    Dex: 11    Spells: 7/7 levels left

rFire   . . .      SeeInvis .   Y - +0 hand axe (elec)
rCold   . . .      Faith    .   n - +0 kite shield
rNeg    . . .      Spirit   .   m - +0 plate armour
rPois   .          Reflect  .   (no helmet)
rElec   .          Harm     .   h - +2 cloak
rCorr   .          Rampage  .   j - +0 pair of gloves
Will    .....                   (no boots)
Stlth   ..........              (no amulet)
HPRegen 0.16/turn               d - +4 ring of slaying {mikee}
MPRegen 0.10/turn               (no ring)

@: slow
A: amphibious, slowness 1, strong legs 1, +LOS, deformed body, deterioration 1,
dopey 1, frail 2, low MP 1
a: Hop


You were on level 8 of the Dungeon.
You visited 1 branch of the dungeon, and saw 6 of its levels.

You collected 772 gold pieces.


Innate Abilities, Weirdness & Mutations

You are amphibious.
You cover ground slowly.
You can hop short distances.
You have an extended range of vision and can be seen from far away.
Armour fits poorly on your strangely shaped body.
Your body sometimes deteriorates upon taking damage.
You are dopey. (Int -2)
You are very frail. (-20% HP)
Your magical capacity is low. (-10% MP)


   Skills:
 - Level 5.3 Fighting
 - Level 8.4 Axes
 - Level 2.1 Throwing
 + Level 4.0 Armour
 - Level 1.1 Dodging
 - Level 6.6 Shields


You had 7 spell levels left.
You didn't know any spells.
Your spell library was empty.

Inventory:

Hand Weapons
 k - a +0 morningstar
 Y - a +0 hand axe of electrocution (weapon)
Missiles
 r - a boomerang (quivered)
Armour
 h - a +2 cloak (worn)
 j - a +0 pair of gloves (worn)
 m - a +0 plate armour (worn)
 n - a +0 kite shield (worn)
 p - a +0 pair of boots
Jewellery
 d - a +4 ring of slaying (left hand) {mikee}
 o - a ring of ice
Scrolls
 e - a scroll of poison {unknown}
 l - a scroll of identify
 q - a scroll of summoning {unknown}
Potions
 a - 2 potions of attraction {unknown}
 b - 2 potions of curing
 f - 2 potions of might
 g - a potion of mutation {unknown}
 i - a potion of magic {unknown}
Miscellaneous
 c - a piece from Xom's chessboard (15/15)

Dungeon Overview and Level Annotations

Branches:
Dungeon (5/15)
 Temple: D:4-7

Altars:
Fedhas

Shops:
D:4 :


Message History

You feel your dexterity returning.
Your Fighting skill increases to level 5!
You slash the wyvern!
The wyvern is moderately wounded.
You block the wyvern's attack. x2
You slash the wyvern!
The wyvern is severely wounded.
The wyvern bites you but does no damage.
The wyvern bites you!
You hit the wyvern. Lightning courses through the wyvern!
You kill the wyvern!
The water moccasin bites you but does no damage.
You feel your dexterity returning.
Your Shields skill increases to level 6!
You hit the water moccasin but do no damage.
The water moccasin bites you but does no damage.
You hit the water moccasin but do no damage.
Lightning courses through the water moccasin!
The water moccasin is heavily wounded.
The water moccasin bites you but does no damage. x2
You hit the water moccasin.
Lightning courses through the water moccasin!!
You kill the water moccasin!
Your Throwing skill gained 2 levels and is now at level 2!
You slash the two-headed ogre!
The two-headed ogre is lightly wounded.
The two-headed ogre hits you with a +0 giant club.
The two-headed ogre hits you with a +0 giant club!
You hit the two-headed ogre but do no damage.
The two-headed ogre is lightly wounded.
The two-headed ogre hits you with a +0 giant club.
The two-headed ogre hits you with a +0 giant club!
You hit the two-headed ogre.
The two-headed ogre is lightly wounded.
The wyvern hisses menacingly.
You hit the two-headed ogre but do no damage.
The two-headed ogre is lightly wounded.
The two-headed ogre hits you with a +0 giant club!
You die...
Xom howls with laughter!

#.# #.# ..# #.#
#.# #.# ### #l#
..# #.. #O# #.#
#.. #@# ###.###
#..# #.# ......#
#..# #.# ......#
#..# #.# ###...#
#..## #.#
###..#####...# #.#
#............###.#
.................#
####.####....#####


You could see a two-headed ogre and a wyvern.

Vanquished Creatures
  A kobold demonologist (D:5)
  Grinder (D:5)
  A wyvern (D:8)
  Eustachio (D:5)
  2 water moccasins (D:8)
  2 phantoms (D:4)
  3 jellies
  4 hounds (D:5)
  An orc priest (D:3)
  An orc wizard (D:4)
  A gnoll (D:5)
  3 adders
  An ufetubus (D:5)
  3 worms
  5 dart slugs
  10 orcs
  3 bats
  9 endoplasms
  3 giant cockroaches
  5 goblins
  5 hobgoblins
  4 quokkas
  11 ball pythons
  3 frilled lizards
  6 kobolds
  6 rats
95 creatures vanquished.

Vanquished Creatures (others)
  A bush (D:8)
  A fungus (D:8)
  12 plants (D:8)
14 creatures vanquished.

Grand Total: 109 creatures vanquished

Notes
Turn   | Place    | Note
-------+----------+-------------------------------------------
     0 | D:1      | qw the Barachi Chaos Knight began the quest for the Orb.
     0 | D:1      | Reached XP level 1. HP: 18/18 MP: 1/1
     0 | D:1      | 0 ||| qw: Version: 0.1-a-107-g9ff403c
     0 | D:1      | 0 ||| qw: Game counter: 6056
     0 | D:1      | 0 ||| qw: Always use a shield: true
     0 | D:1      | 0 ||| qw: God list: Okawaru
     0 | D:1      | 0 ||| qw: Allow faded altars: false
     0 | D:1      | 0 ||| qw: Do Orc after D:15 true
     0 | D:1      | 0 ||| qw: Do second Lair branch before Depths: true
     0 | D:1      | 0 ||| qw: Lair rune preference: random
     0 | D:1      | 0 ||| qw: Plans: Normal
     0 | D:1      | 0 ||| PLANNING D:1-11
     0 | D:1      | Fell from the grace of Xom
   207 | D:1      | 207 ||| Stepping ~*~*~tactically~*~*~ (hiding).
   350 | D:1      | Reached XP level 2. HP: 24/24 MP: 2/2
   388 | D:1      | 388 ||| Stepping ~*~*~tactically~*~*~ (stealth).
   388 | D:1      | Found a faded altar of an unknown god.
   393 | D:1      | 393 ||| Stepping ~*~*~tactically~*~*~ (stealth).
   401 | D:1      | Reached skill level 4 in Axes
   558 | D:1      | 558 ||| Stepping ~*~*~tactically~*~*~ (stealth).
   559 | D:1      | 559 ||| Stepping ~*~*~tactically~*~*~ (stealth).
   560 | D:1      | 560 ||| Stepping ~*~*~tactically~*~*~ (stealth).
   561 | D:1      | 561 ||| Stepping ~*~*~tactically~*~*~ (stealth).
   601 | D:1      | 601 ||| Stepping ~*~*~tactically~*~*~ (hiding).
   703 | D:1      | 703 ||| Stepping ~*~*~tactically~*~*~ (hiding).
   806 | D:1      | 806 ||| Stepping ~*~*~tactically~*~*~ (hiding).
   950 | D:1      | Reached XP level 3. HP: 14/29 MP: 3/3
  1158 | D:1      | XOM: give mutations
  1158 | D:1      | Gained mutation: Armour fits poorly on your strangely
                  | shaped body. [Xom's mischief]
  1158 | D:1      | Gained mutation: Your magical capacity is low. (-10% MP)
                  | [Xom's mischief]
  1277 | D:1      | 1277 ||| UPGRADING to +0 chain mail.
  1287 | D:1      | 1287 ||| DROPPING +2 leather armour.
  1288 | D:1      | 1288 ||| UPGRADING to +2 cloak.
  1293 | D:1      | 1293 ||| UPGRADING to +4 ring of slaying {mikee}.
  1294 | D:1      | 1294 ||| READING 2 scrolls labelled EDUYBL GISITHRI.
  1295 | D:1      | 1295 ||| READING scroll labelled DINLEPNUAXU.
  1298 | D:1      | 1298 ||| READING scroll labelled URGHES LUJEDI.
  1440 | D:1      | 1440 ||| DROPPING scroll of fear.
  1452 | D:2      | 1452 ||| STAIRDANCE
  1509 | D:2      | 1509 ||| Stepping ~*~*~tactically~*~*~ (stealth).
  1510 | D:2      | 1510 ||| Stepping ~*~*~tactically~*~*~ (stealth).
  1839 | D:2      | 1839 ||| DROPPING +0 club.
  1853 | D:2      | Reached skill level 5 in Axes
  1899 | D:2      | 1899 ||| UPGRADING to +0 pair of gloves.
  1904 | D:2      | 1904 ||| READING scroll labelled KIUPHAX IREPS.
  1905 | D:2      | 1905 ||| READING scroll labelled MIFEYNNETO.
  1906 | D:2      | 1906 ||| READING scroll labelled XIPOYPRANIZ.
  1906 | D:2      | Identified a scroll of acquirement
  1906 | D:2      | 1906 ||| ACQUIRING 517 gold pieces
  1906 | D:2      | Acquired 517 gold pieces
  1908 | D:2      | 1908 ||| DRINKING 2 pink potions.
  2013 | D:3      | 2013 ||| Stepping ~*~*~tactically~*~*~ (stealth).
  2015 | D:3      | 2015 ||| Stepping ~*~*~tactically~*~*~ (stealth).
  2016 | D:3      | 2016 ||| Stepping ~*~*~tactically~*~*~ (stealth).
  2024 | D:3      | 2024 ||| Stepping ~*~*~tactically~*~*~ (stealth).
  2031 | D:3      | Reached XP level 4. HP: 34/36 MP: 3/3
  2036 | D:3      | 2036 ||| Stepping ~*~*~tactically~*~*~ (stealth).
  2037 | D:3      | 2037 ||| Stepping ~*~*~tactically~*~*~ (stealth).
  2056 | D:3      | 2056 ||| DROPPING +0 mace of holy wrath.
  2312 | D:3      | 2312 ||| Stepping ~*~*~tactically~*~*~ (hiding).
  2458 | D:3      | XOM: give mutation
  2458 | D:3      | Gained mutation: You are frail. (-10% HP) [Xom's mischief]
  2580 | D:3      | 2580 ||| Stepping ~*~*~tactically~*~*~ (stealth).
  2670 | D:3      | 2670 ||| FLEEEEING.
  2671 | D:3      | 2671 ||| FLEEEEING.
  2672 | D:3      | 2672 ||| STAIRDANCE
  2873 | D:2      | 2873 ||| UPGRADING to +0 plate armour.
  2883 | D:2      | 2883 ||| DROPPING +0 chain mail.
  2884 | D:2      | 2884 ||| READING scroll labelled PULIHO GOITANO.
  2885 | D:2      | 2885 ||| DRINKING 2 white potions.
  2888 | D:3      | 2888 ||| STAIRDANCE
  2939 | D:3      | Reached skill level 3 in Armour
  2939 | D:3      | Reached XP level 5. HP: 36/36 MP: 4/4
  2947 | D:3      | XOM: give mutations
  2947 | D:3      | Gained mutation: Your body sometimes deteriorates upon
                  | taking damage. [Xom's mischief]
  2947 | D:3      | Gained mutation: You are very frail. (-20% HP) [Xom's
                  | mischief]
  2947 | D:3      | Gained mutation: You are dopey. (Int -2) [Xom's mischief]
  3077 | D:4      | 3077 ||| Stepping ~*~*~tactically~*~*~ (stealth).
  3079 | D:4      | 3079 ||| Stepping ~*~*~tactically~*~*~ (stealth).
  3090 | D:4      | 3090 ||| Stepping ~*~*~tactically~*~*~ (hiding).
  3096 | D:4      | 3096 ||| Stepping ~*~*~tactically~*~*~ (hiding).
  3125 | D:4      | 3125 ||| Stepping ~*~*~tactically~*~*~ (stealth).
  3126 | D:4      | 3126 ||| Stepping ~*~*~tactically~*~*~ (stealth).
  3190 | D:4      | Identified the +0 leather armour "Kagiehel" {rC+ Int+3
                  | SInv}
  3277 | D:4      | Found Cysh's Self-Improvement Boutique.
  3375 | D:4      | 3375 ||| Stepping ~*~*~tactically~*~*~ (stealth).
  3381 | D:4      | 3381 ||| Stepping ~*~*~tactically~*~*~ (stealth).
  3382 | D:4      | 3382 ||| Stepping ~*~*~tactically~*~*~ (stealth).
  3383 | D:4      | 3383 ||| Stepping ~*~*~tactically~*~*~ (stealth).
  3393 | D:4      | Reached skill level 6 in Axes
  3451 | D:4      | 3451 ||| Stepping ~*~*~tactically~*~*~ (stealth).
  3452 | D:4      | 3452 ||| Stepping ~*~*~tactically~*~*~ (stealth).
  3453 | D:4      | 3453 ||| Stepping ~*~*~tactically~*~*~ (stealth).
  3454 | D:4      | 3454 ||| Stepping ~*~*~tactically~*~*~ (stealth).
  3477 | D:4      | Noticed a phantom
  3499 | D:4      | Killed a phantom
  3500 | D:4      | Reached XP level 6. HP: 17/38 MP: 5/5
  3740 | D:4      | 3740 ||| Stepping ~*~*~tactically~*~*~ (stealth).
  3751 | D:4      | Reached skill level 7 in Axes
  3992 | D:4      | 3992 ||| UPGRADING to +0 kite shield.
  3997 | D:4      | 3997 ||| READING scroll labelled KOMMEN KISUCH.
  3998 | D:4      | 3998 ||| READING 2 scrolls of identify.
  3998 | D:4      | 3998 ||| IDENTIFYING fuming red potion
  3999 | D:4      | 3999 ||| DROPPING potion of ambrosia.
  4008 | D:5      | Entered Level 5 of the Dungeon
  4017 | D:5      | Reached skill level 1 in Shields
  4017 | D:5      | 4017 ||| STAIRDANCE
  4227 | D:5      | Noticed Eustachio
  4258 | D:5      | 4258 ||| Stepping ~*~*~tactically~*~*~ (hiding).
  4259 | D:5      | 4259 ||| FLEEEEING.
  4261 | D:5      | 4261 ||| FLEEEEING.
  4262 | D:5      | 4262 ||| FLEEEEING.
  4263 | D:5      | 4263 ||| FLEEEEING.
  4265 | D:5      | HP: 7/38 [Eustachio/+0 rapier (5)]
  4265 | D:5      | HP: 3/38 [Eustachio/+0 rapier (4)]
  4269 | D:5      | Killed Eustachio
  4270 | D:5      | Reached skill level 3 in Shields
  4270 | D:5      | Reached XP level 7. HP: 2/43 MP: 6/6
  4579 | D:5      | Noticed a kobold demonologist
  4596 | D:5      | Killed a kobold demonologist
  4725 | D:5      | Found a blossoming altar of Fedhas.
  4725 | D:5      | XOM: 4-stop teleportation journey
  4765 | D:5      | Reached XP level 8. HP: 48/48 MP: 7/7
  4865 | D:5      | Noticed Grinder
  4877 | D:5      | Paralysed by Grinder for 5 turns
  4883 | D:5      | Killed Grinder
  4884 | D:5      | Reached skill level 8 in Axes
  5203 | D:5      | You fall into a shaft and drop 3 floors!
  5220 | D:8      | XOM: god gift: boomerang
  5242 | D:8      | Noticed a wyvern
  5244 | D:8      | Noticed a two-headed ogre
  5248 | D:8      | Noticed a wyvern
  5253 | D:8      | Killed a wyvern
  5254 | D:8      | Reached skill level 6 in Shields
  5258 | D:8      | HP: 7/49 [two-headed ogre/+0 giant club (7)]
  5260 | D:8      | Mangled by a two-headed ogre

Levels and vault maps discovered:
D:1:      minmay_arrival_solitary_statue, layout_rooms,
          nicolae_ecumenical_snake_handling, chequers_serial_rivers_micro_d,
          serial_park_tiny_pond, chequers_hall_statues_wall_a,
          corexii_corridor_pit, kennysheep_crisscross, skrybe_limestone_x
D:2:      layout_basic
D:3:      layout_loops_cross
D:4:      layout_rooms, grunt_decor_cap, nicolae_shop_self_help
D:5:      layout_loops_cross, fedhas_altar_2, cheibrodos_gnoll_hut,
          uniq_grinder, uniq_eustachio, uniq_pikel
D:8:      layout_loops_ring, nicolae_hepliaklqana_hippocampus,
          minmay_lair_entry_grove, enter_bailey_5, uniq_maurice

Skill      XL: |  1  2  3  4  5  6  7  8 |
---------------+-------------------------+-----
Axes           | 4 5 6 7 8 |  8.4
Armour         | 3 4 |  4.0
Fighting       | 4 5 |  5.3
Shields        | 3 5 6 |  6.6
Throwing       | 2 |  2.1
Dodging        | |  1.1

Action                   |  1- 3 |  4- 6 |  7- 9 || total
-------------------------+-------+-------+-------++-------
Melee: Hand axe          |    94 |   136 |    52 ||   282
       Punch             |     1 |     2 |       ||     3
Throw: Boomerang         |       |       |     2 ||     2
Invok: Renounce Religion |     1 |       |       ||     1
  Use: Scroll            |     6 |     3 |       ||     9
       Potion            |     1 |     1 |       ||     2
 Stab: Paralysed         |     1 |       |       ||     1
Armor: Leather armour    |    12 |       |       ||    12
       Chain mail        |    15 |    16 |       ||    31
       Plate armour      |       |    52 |    33 ||    85
Dodge: Dodged            |    31 |    23 |     4 ||    58
Block: Kite shield       |       |    11 |    26 ||    37

Table legend:
 A = Non-vault XP
 B = Vault XP
 C = Vault XP percentage of total XP
 D = Non-vault monster count
 E = Vault monster count
 F = Vault count percentage of total count
                 A         B        C        D         E       F
            +---------+---------+-------+---------+---------+-------
      Total |    1203 |     915 |  43.2 |      85 |      10 |  10.5
            +---------+---------+-------+---------+---------+-------
        D:1 |      37 |       4 |   9.8 |      21 |       3 |  12.5
        D:2 |      26 |       0 |   0.0 |      13 |       0 |   0.0
        D:3 |     101 |       0 |   0.0 |      22 |       0 |   0.0
        D:4 |     345 |       0 |   0.0 |      20 |       0 |   0.0
        D:5 |     549 |     550 |  50.0 |       8 |       5 |  38.5
        D:8 |     145 |     361 |  71.3 |       1 |       2 |  66.7
            +---------+---------+-------+---------+---------+-------
